 Dungeon Crawl Stone Soup version bcrawl-1.12-10-g10a67aac0f (webtiles) character file.

Game seed: 13849954510177771424

120 Morbidden the Sneak (level 4, -3/29 HPs)
             Began as a Dusk Walker Archaeologist on June 12, 2019.
             Slain by Grinder (4 damage)
             ... on level 3 of the Dungeon.
             The game lasted 00:04:14 (2015 turns).

Morbidden the Sneak (Dusk Walker Archaeologist)     Turns: 2015, Time: 00:04:14

Health: -3/29      AC:  9    Str: 12    XL:     4   Next: 75%
Magic:  4/4        EV: 12    Int: 17    God:
Gold:   107        SH:  4    Dex: 12    Spells: 3/3 levels left

rFire    . . .     SeeInvis .   k - +0 dagger
rCold    + + .     Gourm    .   (no shield)
rNeg     . . .     Faith    .   o - +0 ring mail
rPois    .         Spirit   .   q - +1 helmet {Int+3}
rElec    .         Reflect  .   (no cloak)
rCorr    .         Harm     .   (no gloves)
MR       .....                  c - +1 pair of boots
Stlth    ++++......             (no amulet)
HPRegen  0.09/turn              (no ring)
MPRegen  0.09/turn              (no ring)

@: slowed, studying Armour, very slow
A: draining touch, unencumbered stealth, fangs 2, large bone plates 1, cold
resistance 2, nightstalker 1, evolution 1
a: no special abilities


You were on level 3 of the Dungeon.
You were not hungry.

You visited 1 branch of the dungeon, and saw 3 of its levels.

You collected 107 gold pieces.

Inventory:

Hand Weapons
 k - a +0 dagger (weapon)
Armour
 c - a +1 pair of boots (worn)
 o - a +0 ring mail (worn)
 q - a +1 helmet of intelligence (worn)
Jewellery
 t - an uncursed ring of magical power {unknown}
Wands
 s - a wand of iceblast (10)
Scrolls
 d - a scroll of teleportation {unknown}
 h - 2 scrolls of identify {unknown}
 i - a scroll of enchant armour {unknown}
 m - a scroll of fog {unknown}
 n - a scroll of amnesia {unknown}
Potions
 b - a potion of heal wounds {unknown}
 j - a potion of degeneration {unknown}
 l - a potion of cancellation {unknown}
 r - a potion of magic {unknown}
Books
 e - a manual of Armour
Miscellaneous
 f - an ancient crate
Comestibles
 g - 7 rations {!d}
 p - 3 chunks of flesh


   Skills:
 * Level 2.1 Fighting
 + Level 1.0 Short Blades
 * Level 2.4 Armour
 + Level 4.0 Dodging
 + Level 6.1 Stealth


You had 3 spell levels left.
You didn't know any spells.
Your spell library was empty.

Dungeon Overview and Level Annotations

Branches:
Dungeon (3/12)

Altars:
Hepliaklqana
Nemelex Xobeh
Trog

Annotations:
D:3 Grinder


Innate Abilities, Weirdness & Mutations

Your attacks drain your enemies.
You move stealthily even while encumbered by armour.
You have extremely sharp teeth.
You are slightly more attuned to the shadows.
You are partially covered in large bone plates. (SH +4)
Your flesh is very cold resistant. (rC++)
You evolve.


Message History

Pain shoots through your body! The orc hits you with a +0 mace.
Grinder hits you but does no damage.
Unknown command.
Unknown command.
You closely miss Grinder. The orc hits you but does no damage.
The orc wizard gestures wildly while chanting.
The orc wizard blinks!
Grinder barely misses you. The orc hits you but does no damage.
Unknown command.
It was a potion of mutation.
You feel extremely strange.
You feel resistant to cold.
You feel more resistant to cold.
Large bone plates grow over parts of your arms.
You feel nature experimenting on you.
Don't worry, failures die fast.
Grinder says, "DUCK!"
Grinder hits you!
* * * LOW HITPOINT WARNING * * *
You writhe in agony.
* * * LOW HITPOINT WARNING * * *
The orc closely misses you. Grinder hits you.
You die...

....#.... ...8...
#.....###
.....#.### +#
#...##...# #.###
#§oo#.##.# #.#[.
#o##.##.# ####.#.#
#@##.##.###.#....#
#5##.....>.#÷.....
#..####.###.#....#
#.......# ####.#.#
######### #.# #
#.# #.# ########
#.# #......# #.#


You could see Grinder, an orc wizard and 2 orcs.

Vanquished Creatures
  An orc wizard (D:2)
  An adder (D:2)
  4 worms
  2 dart slugs
  5 leopard geckos
  6 orcs
  4 giant cockroaches
  5 goblins
  8 hobgoblins
  5 jackals
  3 kobolds
  A ball python (D:1)
  3 bats
  2 rats
50 creatures vanquished.

Notes
Turn   | Place    | Note
-------+----------+-------------------------------------------
     0 | D:1      | Morbidden the Dusk Walker Archaeologist began the quest for
                  | the Orb.
     0 | D:1      | Reached XP level 1. HP: 13/13 MP: 1/1
   107 | D:1      | Reached skill level 5 in Stealth
   203 | D:1      | Reached XP level 2. HP: 17/18 MP: 2/2
   639 | D:1      | Reached XP level 3. HP: 23/23 MP: 3/3
   793 | D:2      | Reached skill level 1 in Armour
   835 | D:2      | Found a sparkling altar of Nemelex Xobeh.
   860 | D:2      | Found a hazy altar of Hepliaklqana.
   896 | D:2      | Reached skill level 6 in Stealth
   896 | D:2      | Gained mutation: You are slightly more attuned to the
                  | shadows. [Dusk Walker growth]
   896 | D:2      | Reached XP level 4. HP: 3/29 MP: 4/4
  1637 | D:2      | Found a faded altar of an unknown god.
  1689 | D:2      | Found a bloodstained altar of Trog.
  1921 | D:3      | Reached skill level 1 in Short Blades
  2000 | D:3      | Noticed Grinder
  2015 | D:3      | Gained mutation: Your flesh is cold resistant. (rC+)
                  | [potion of mutation]
  2015 | D:3      | Gained mutation: Your flesh is very cold resistant. (rC++)
                  | [potion of mutation]
  2015 | D:3      | Gained mutation: You are partially covered in large bone
                  | plates. (SH +4) [potion of mutation]
  2015 | D:3      | Gained mutation: You evolve. [potion of mutation]
  2015 | D:3      | HP: 1/29 [Grinder (4)]
  2015 | D:3      | Slain by Grinder

Skill      XL: |  1  2  3  4 |
---------------+-------------+-----
Stealth        | 5 6 |  6.1
Armour         | 1 2 |  2.4
Dodging        | 4 |  4.0
Fighting       | 2 |  2.1
Short Blades   | 1 |  1.0

Action                   |  1- 3 |  4- 6 || total
-------------------------+-------+-------++-------
Melee: Unarmed           |    69 |       ||    69
       Bite              |    15 |     9 ||    24
       Dagger            |    69 |    74 ||   143
  Use: Potion            |       |     2 ||     2
 Stab: Sleeping          |     4 |     4 ||     8
       Distracted        |       |     1 ||     1
  Eat: Chunk             |       |     4 ||     4
Armor: Robe              |    46 |       ||    46
       Ring mail         |    10 |    20 ||    30
Dodge: Dodged            |   103 |    52 ||   155
